 Dungeon Crawl Stone Soup version 0.30-a0-881-g1ff12e1e11 (webtiles) character file.

Game seed: 4352680740648013818

10031 cforsyth the Spear-Bearer (level 11, -3/96 HPs)
             Began as an Ogre Reaver on Mar 14, 2023.
             Was a Believer of Hepliaklqana.
             Killed from afar by a manticore (12 damage)
             ... with a volley of spikes
             ... on level 11 of the Dungeon.
             The game lasted 00:37:25 (19161 turns).

cforsyth the Spear-Bearer (Ogre Reaver)            Turns: 19161, Time: 00:37:25

Health: -3/96      AC:  6    Str: 20    XL:     11   Next: 55%
Magic:  0/25       EV:  9    Int: 21    God:    Hepliaklqana [**....]
Gold:   390        SH:  0    Dex:  7    Spells: 25/31 levels left

rFire   . . .      SeeInvis +    F - +1 spear (freeze)
rCold   . . .      Faith    .    (no shield)
rNeg    . . .      Spirit   +    I - +1 robe of the Several Princes {Drain rPois Int+5 SInv}
rPois   +          Reflect  .    (helmet restricted)
rElec   +          Rampage  .    A - +1 cloak {rCorr}
rCorr   +                        (gloves unavailable)
Will    +....                    (boots unavailable)
Stlth   +                        k - amulet of guardian spirit
HPRegen 0.36/turn                H - ring "Xeumag" {rElec rCorr}
MPRegen 0.19/turn                (no ring)

@: spiked
A: reduced essence, large, unfitting armour, tough skin 1
a: Renounce Religion, Recall Ancestor, Ancestor Identity


You were on level 11 of the Dungeon.
You worshipped Hepliaklqana.
Hepliaklqana was pleased with you.
You visited 2 branches of the dungeon, and saw 12 of its levels.
You also visited: Sewer and Bailey.

You collected 622 gold pieces.
You spent 232 gold pieces at shops.

Inventory:

Hand Weapons
 a - a +1 spear
 e - a +1 halberd of draining
 l - the +2 spear of Yredelemnul, Mauling {spect, rElec Will+ MP+9 Stlth+}
   (You found it on level 10 of the Dungeon)

   rElec:     It insulates you from electricity.
   MP:        It affects your magic capacity (+9).
   Will:      It increases your willpower.
   Stlth:     It makes you more stealthy.
 t - a +0 trident
 F - a +1 spear of freezing (weapon)
Armour
 b - a +1 robe
 m - a +0 cloak
 r - a +1 robe of willpower
 A - a +1 cloak of preservation (worn)
 I - the +1 robe of the Several Princes (worn) {Drain rPois Int+5 SInv}
   (You found it on level 8 of the Dungeon)

   Int:       It affects your intelligence (+5).
   rPois:     It protects you from poison.
   SInv:      It lets you see invisible.
   Drain:     It drains your maximum health when unequipped.
 J - a +0 troll leather armour
Jewellery
 d - an amulet of faith
 k - an amulet of guardian spirit (around neck)
 H - the ring "Xeumag" (left hand) {rElec rCorr}
   (You found it on level 6 of the Dungeon)

   [ring of resist corrosion]

   rElec:     It insulates you from electricity.
   rCorr:     It protects you from acid and corrosion.
Wands
 D - a wand of digging (6)
 G - a wand of paralysis (11)
 K - a wand of roots (6)
Scrolls
 c - 3 scrolls of identify
 f - a scroll of teleportation
 g - 2 scrolls of poison
 h - a scroll of amnesia
 n - 5 scrolls of fog
 q - a scroll of brand weapon
 u - 2 scrolls of vulnerability
 x - a scroll of magic mapping
 y - a scroll of enchant weapon
 L - a scroll of blinking {unknown}
Potions
 i - 5 potions of brilliance
 j - 4 potions of haste
 o - 4 potions of mutation
 p - 3 potions of cancellation
 s - a potion of curing
 v - 3 potions of magic
 w - a potion of heal wounds
 z - 4 potions of invisibility
 B - 2 potions of lignification
 C - 3 potions of might
 E - 2 potions of flight


   Skills:
 - Level 6.9 Fighting
 + Level 11.2 Polearms
 - Level 1.7 Dodging
 + Level 10.7 Spellcasting
 + Level 9.2 Conjurations


You had 25 spell levels left.
You knew the following spells:

 Your Spells              Type           Power      Damage    Failure   Level
a - Kiss of Death         Conj/Necr      100%       2d13      1%          1
b - Momentum Strike       Conj/Tloc      60%        3d9       1%          2
c - Hailstorm             Conj/Ice       30%        3d8       2%          3

Your spell library contained the following spells:

 Spells                   Type           Power      Damage    Failure   Level
 Freeze                   Ice            44%        1d6       6%          1
 Necrotise                Necr           44%        1d6       6%          1
 Ensorcelled Hibernation  Hex/Ice        22%        N/A       9%          2
 Passwall                 Tmut/Erth      9%         N/A       9%          2
 Sublimation of Blood     Necr           11%        N/A       9%          2
 Frozen Ramparts          Ice            22%        1d4       19%         3
 Portal Projectile        Hex/Tloc       22%        N/A       19%         3
 Swiftness                Air            11%        N/A       19%         3
 Tukima's Dance           Hex            11%        N/A       19%         3
 Vampiric Draining        Necr           11%        2d6       19%         3
 Irradiate                Conj/Tmut      15%        3d16      26%         5
 Petrify                  Tmut/Erth      11%        N/A       52%         4
 Agony                    Necr           11%        N/A       86%         5
 Blade Hands              Tmut           5%         N/A       86%         5
 Chain Lightning          Conj/Air       15%        3d20      100%        9
 Fire Storm               Conj/Fire      15%        8d4       100%        9
 Shatter                  Erth           5%         3d8*      100%        9


Dungeon Overview and Level Annotations

Branches:
Dungeon (11/15)            Temple (1/1) D:4            Lair (0/5) D:10
  Sewer (visited)          Bailey (visited)
    Orc: D:9-12

Altars:
Ashenzari
Cheibriados
Dithmenos
Elyvilon
Fedhas
Gozag
Hepliaklqana
Kikubaaqudgha
Makhleb
Nemelex Xobeh
Okawaru
Qazlal
Ru
Sif Muna
Trog
Uskayaw
Vehumet
Wu Jian
Xom
Yredelemnul
Zin
The Shining One

Shops:
D:1 *   D:6 :   D:7 *


Innate Abilities, Weirdness & Mutations

Your life essence is reduced to manifest your ancestor. (-10% HP)
You are too large for most types of armour.
You have tough skin. (AC +1)


Message History

* * * LOW HITPOINT WARNING * * *
Henutemipet barely misses the polar bear.
You hit the polar bear.
The polar bear is almost dead.
The ufetubus barely misses you.
The ufetubus hits you but does no damage.
A manticore comes into view.
You closely miss the polar bear.
The polar bear is almost dead.
The polar bear bites you!!
* * * LOW HITPOINT WARNING * * *
The polar bear misses you.
The polar bear claws you but does no damage.
The ufetubus hits you but does no damage.
The ufetubus hits you.
* * * LOW HITPOINT WARNING * * *
The ufetubus attacks as you move away! The ufetubus barely misses you.
The ufetubus hits you.
* * * LOW HITPOINT WARNING * * *
The polar bear bites Henutemipet but does no damage.
Henutemipet blocks the polar bear's attack.
The polar bear claws Henutemipet but does no damage.
Henutemipet hits the polar bear with a +0 flail!
The polar bear dies!
Unknown command.
Henutemipet barely misses the ufetubus.
The ufetubus hits you but does no damage. x2
You closely miss the ufetubus. You completely miss the ufetubus.
The ufetubus hits you.
* * * LOW HITPOINT WARNING * * *
The ufetubus closely misses you.
You barely miss the ufetubus. The ufetubus hits you.
* * * LOW HITPOINT WARNING * * *
The ufetubus hits you.
* * * LOW HITPOINT WARNING * * *
Henutemipet barely misses the ufetubus.
The manticore flicks its tail.
The volley of spikes hits you!
The barbed spikes become lodged in your body.
You die...

#+###########'###+###....
........'...........#
........#...........#
.....>..#..........#
........#..........#§§
..##....##........§.§#
..##....##........H§.§
.............5R.......
.............@........
........#####+########
........# .########


You could see the friendly Henutemipet the knight, a manticore and an ufetubus
(ally target).

Vanquished Creatures
  An ogre mage (D:10)
  A rime drake (D:10)
  3 trolls
  A polar bear (D:10)
  A wraith (D:10)
  A shadow (D:10)
  2 wyverns
  2 steam dragons
  7 yaks
  A water moccasin (D:7)
  3 orc warriors
  A sky beast (D:6)
  2 ice beasts
  A black bear (D:6)
  An ogre (D:5)
  A wolf (D:10)
  5 centaurs
  Blork the orc (D:5)
  9 bullfrogs
  3 gnoll sergeants
  A scorpion (D:5)
  4 wights
  2 howler monkeys
  A jelly (D:5)
  4 hounds
  2 sleepcaps (D:7)
  2 iguanas
  7 orc wizards
  Ijyb (D:3)
  16 gnolls
  10 river rats (Sewer)
  17 adders
  A shadow imp (D:6)
  4 white imps
  An ufetubus (D:6)
  2 dart slugs (D:1)
  29 orcs
  25 ball pythons
  10 endoplasms
  3 giant cockroaches
  6 goblins
  10 hobgoblins
  11 kobolds
  6 quokkas
  7 bats
  5 frilled lizards
  37 rats
271 creatures vanquished.

Vanquished Creatures (collateral kills)
  Erolcha (D:10)
  Maggie (D:10)
  2 polar bears
  A troll (D:10)
  A wraith (D:10)
  2 yaks (D:10)
  2 acid dragons
  An orc warrior (D:10)
  A sky beast (D:8)
  3 ice beasts
  2 kobold brigands (D:10)
  A bullfrog (D:8)
  2 wights (D:9)
  An orc wizard (D:9)
  A gnoll (Bailey)
  4 orcs
  A hobgoblin (D:9)
27 creatures vanquished.

Vanquished Creatures (others)
  A sky beast (D:7)
  An ancestor (Bailey)
  4 knights (D:10)
  46 plants (D:3)
52 creatures vanquished.

Grand Total: 350 creatures vanquished

Notes
Turn   | Place    | Note
-------+----------+-------------------------------------------
     0 | D:1      | cforsyth the Ogre Reaver began the quest for the Orb.
     0 | D:1      | Reached XP level 1. HP: 22/22 MP: 3/3
   184 | D:1      | Reached XP level 2. HP: 31/31 MP: 5/5
   459 | D:1      | Reached XP level 3. HP: 39/39 MP: 6/6
   617 | D:1      | Found Uschai's Assorted Antiques.
  1153 | D:2      | Found a sparkling altar of Nemelex Xobeh.
  1713 | D:2      | Reached skill level 4 in Polearms
  1713 | D:2      | Reached XP level 4. HP: 45/49 MP: 5/7
  2383 | D:3      | Reached skill level 5 in Fighting
  2383 | D:3      | Reached XP level 5. HP: 47/57 MP: 5/8
  2570 | D:3      | Noticed Ijyb
  2607 | D:3      | Killed Ijyb
  2789 | D:3      | Found a white marble altar of Elyvilon.
  2791 | D:3      | Found an ancient bone altar of Kikubaaqudgha.
  3007 | D:3      | Identified the +7 leather armour of Faduriw {Int+4}
  3402 | D:4      | Reached skill level 5 in Polearms
  3422 | D:4      | Reached XP level 6. HP: 10/67 MP: 1/9
  3631 | D:4      | Found a staircase to the Ecumenical Temple.
  3650 | Temple   | Entered the Ecumenical Temple
  4412 | D:5      | Entered Level 5 of the Dungeon
  4498 | D:5      | Noticed Blork the orc
  5014 | D:5      | Reached XP level 7. HP: 70/76 MP: 8/10
  5025 | D:5      | Killed Blork the orc
  5641 | D:5      | Reached skill level 6 in Polearms
  5866 | D:6      | Found Luloffoa's Book Boutique.
  5888 | D:6      | Found a radiant altar of Vehumet.
  6007 | D:6      | Found a glowing drain.
  6016 | Sewer    | Entered a sewer
  6660 | Sewer    | Reached XP level 8. HP: 79/84 MP: 11/14
  8133 | D:6      | Reached skill level 7 in Polearms
  8163 | D:6      | Reached skill level 5 in Spellcasting
  8166 | D:6      | Learned a level 2 spell: Momentum Strike
  9376 | D:1      | Bought a glowing cloak for 232 gold pieces
  9753 | D:6      | Found a hazy altar of Hepliaklqana.
  9756 | D:6      | Found a stormy altar of Qazlal.
  9776 | D:6      | Became a worshipper of Hepliaklqana the Forgotten
  9908 | D:7      | Learned a level 3 spell: Hailstorm
 10072 | D:7      | Reached skill level 5 in Conjurations
 10303 | D:7      | Reached XP level 9. HP: 56/92 MP: 10/18
 10650 | D:7      | Identified the +4 spear of Change {speed, rPois rN++ MP+9
                  | Dex-3}
 10676 | D:7      | Found Kinloim's Elemental Accessories.
 10714 | D:7      | Reached skill level 8 in Polearms
 10962 | D:7      | Identified the +3 ring mail of Moral Flaws {+Blink rCorr}
 11755 | D:6      | Reached * piety under Hepliaklqana
 11873 | D:6      | Identified the ring "Xeumag" {rElec rCorr}
 12477 | D:8      | Identified the +1 robe of the Several Princes {Drain rPois
                  | Int+5 SInv}
 13278 | D:9      | Noticed a troll
 13286 | D:9      | Killed a troll
 13311 | D:9      | Reached skill level 9 in Polearms
 13316 | D:9      | HP: 2/77 [wight/+3 scimitar (11)]
 13321 | D:9      | HP: 3/75 [wight/+3 scimitar (8)]
 13326 | D:9      | Reached XP level 10. HP: 14/84 MP: 1/21
 13376 | D:9      | Found a flagged portal.
 13398 | Bailey   | Entered a bailey
 14626 | D:9      | Reached ** piety under Hepliaklqana
 14628 | D:9      | Remembered your ancestor Henutemipet as a knight
 15108 | D:9      | Found an ornate altar of the Wu Jian Council.
 15802 | D:10     | Entered Level 10 of the Dungeon
 15863 | D:10     | Found a sacrificial altar of Ru.
 15927 | D:10     | Noticed Maggie
 15938 | D:10     | Killed Maggie
 16262 | D:10     | Reached skill level 10 in Polearms
 16284 | D:10     | Identified the +2 spear of Yredelemnul, Mauling {spect,
                  | rElec Will+ MP+9 Stlth+}
 16487 | D:10     | Found an opulent altar of Gozag.
 16530 | D:10     | Noticed Erolcha
 16546 | D:10     | Killed Erolcha
 16769 | D:10     | Reached XP level 11. HP: 36/96 MP: 13/24
 17155 | D:10     | Reached skill level 10 in Spellcasting
 17248 | D:10     | Noticed an ogre mage
 17267 | D:10     | Killed an ogre mage
 17750 | D:10     | Found a staircase to the Lair.
 18198 | D:10     | Reached skill level 11 in Polearms
 19155 | D:11     | Noticed a manticore
 19161 | D:11     | Killed from afar by a manticore

Illustrated notes

Levels and vault maps discovered:
D:1:      dpeg_arrival_windows_large_door, layout_basic, serial_shops, shop
D:2:      wad_river_or_something, layout_basic, basic_altar
D:3:      layout_loops_ring, mainiacjoe_overflow_catch_the_wave, uniq_ijyb
D:4:      layout_rooms, minmay_temple_entry_glass
D:5:      layout_loops_ring, uniq_blork_the_orc
D:6:      layout_basic, nicolae_overflow_crystal_walls,
          grunt_temple_overflow_open, serial_shops, shop_statue,
          portal_sewer_entry_a
D:7:      layout_loops_corners, chequers_serial_rivers_small_a,
          nicolae_elemental_shop, minivault_19, grunt_tough_drop
D:8:      layout_basic
D:9:      layout_loops_ring, nzn_wu_jian_council_hall, enter_bailey_4
D:10:     cheibrodos_barr_body, layout_grid_maze, mainiacjoe_overflow_brackets,
          mainiacjoe_overflow_surrounded_room, hellmonk_lair_entry_icy,
          uniq_erolcha, uniq_maggie
D:11:     layout_stronghold, kennysheep_orc_monster_closet_entryway, serial_ice,
          serial_ice_e, serial_ice_h, serial_ice_i, serial_ice_g, uniq_sonja
Temple:   zaba_magenta_temple

Skill      XL: |  1  2  3  4  5  6  7  8  9 10 11 |
---------------+----------------------------------+-----
Fighting       | 3 4 5 6 |  6.9
Polearms       | 4 5 6 7 9 10 11 | 11.2
Conjurations   | 3 5 6 8 9 |  9.2
Spellcasting   | 4 6 7 9 10 | 10.7
Dodging        | |  1.7

Action                     |  1- 3 |  4- 6 |  7- 9 | 10-12 || total
---------------------------+-------+-------+-------+-------++-------
  Melee: Spear             |   147 |   343 |   741 |   553 ||  1784
         Punch             |     2 |     1 |     8 |     8 ||    19
   Cast: Momentum Strike   |       |       |     3 |       ||     3
         Hailstorm         |       |       |     4 |       ||     4
 Invoke: Recall Ancestor   |       |       |       |     3 ||     3
         Ancestor Life: Kn |       |       |       |     1 ||     1
  Evoke: Wand              |       |       |       |     3 ||     3
    Use: Scroll            |       |    12 |     5 |     8 ||    25
         Potion            |       |     2 |    11 |     1 ||    14
   Stab: Sleeping          |       |     1 |       |       ||     1
         Paralysed         |       |       |       |     3 ||     3
         Distracted        |       |       |       |     3 ||     3
         Invisible         |       |       |       |     1 ||     1
 Armour: Robe              |    43 |    79 |   235 |    82 ||   439
         Skin              |       |    30 |       |       ||    30
  Dodge: Dodged            |    43 |   116 |   339 |   161 ||   659

Table legend: (Time is in decaauts)
 A = Elapsed time spent in this place.
 B = Non-inter-level travel time spent in this place.
 C = Inter-level travel time spent in this place.
 D = Time resting spent in this place.
 E = Time spent auto-exploring this place.
 F = Levels seen in this place.
 G = Mean time per level.
                   A        B        C        D        E       F      G
               +--------+--------+--------+--------+--------+-----+--------+
         Total |  18724 |  17885 |    839 |   4623 |  10305 |  14 | 1337.4 |
       Dungeon |  15159 |  14325 |    834 |   2707 |   9253 |  11 | 1378.1 |
        Temple |    378 |    373 |      5 |    264 |     50 |   1 |  378.0 |
         Sewer |   2051 |   2051 |      0 |   1185 |    520 |   1 | 2051.0 |
        Bailey |   1134 |   1134 |      0 |    467 |    482 |   1 | 1134.0 |
               +--------+--------+--------+--------+--------+-----+--------+

Top non-repeatable levels by time:
    D:10: 2636 daAuts
     D:5: 2402 daAuts
   Sewer: 2051 daAuts
     D:9: 1856 daAuts
     D:7: 1723 daAuts
     D:2: 1377 daAuts
     D:3: 1313 daAuts
     D:6: 1146 daAuts
     D:8: 1136 daAuts
  Bailey: 1134 daAuts
     D:1: 895 daAuts
     D:4: 625 daAuts
  Temple: 378 daAuts
    D:11: 48 daAuts
